 Dungeon Crawl Stone Soup version 0.21-a0-95-g06f091e (webtiles) character file.

101802 MackTheKnife the Imperceptible (level 16, -1/130 HPs)
             Began as a Vine Stalker Assassin on July 5, 2017.
             Was a High Priest of Dithmenos.
             Slain by a spriggan berserker
             ... wielding a +0 quarterstaff
              (29 damage)
             ... on level 15 of the Dungeon.
             The game lasted 01:48:15 (29991 turns).

MackTheKnife the Imperceptible (VSAs)              Turns: 29991, Time: 01:48:15

Health: -1/130     AC: 28    Str: 14      XL:     16   Next: 31%
Magic:  0/28       EV:  2    Int: 11 (14) God:    Dithmenos [*****.]
Gold:   187        SH:  0    Dex: 19 (22) Spells: 17/30 levels left

rFire    + . .     SeeInvis .   a - +3 short sword (elec)
rCold    . . .     Gourm    .   (no shield)
rNeg     + + +     Faith    +   (armour currently unavailable)
rPois    +         Spirit   +   (helmet currently unavailable)
rElec    .         Reflect  .   (cloak currently unavailable)
rCorr    .         Harm     .   (gloves currently unavailable)
MR       ++...     NoTele   +   (boots currently unavailable)
Stlth    ++++++++++             I - amulet of faith {Faith, !P}
HPRegen  1.11/turn              s - +6 ring of evasion
MPRegen  0.21/turn              Q - ring of protection from fire {rF+, !d}

@: tree-form, wreathed by umbra
A: agile 1, regeneration 2, magic shield, no potion heal 3, rot immunity,
MP-powered wands
a: Shadow Step, Shadow Form, Renounce Religion


You were on level 15 of the Dungeon.
You worshipped Dithmenos.
Dithmenos was extremely pleased with you.
You were not hungry.
You were a tree.
You visited 8 branches of the dungeon, and saw 31 of its levels.
You visited the Abyss 1 time.

You collected 2893 gold pieces.
You spent 2706 gold pieces at shops.

Inventory:

Hand Weapons
 a - a +3 short sword of electrocution (weapon)
   (You took it off an orc warrior on level 2 of the Orcish Mines)
 C - a +0 blowgun
 E - a +3 rapier
   (You bought it in a shop on level 2 of the Orcish Mines)
 V - the +8 quarterstaff of Lukhiquu {crush, rF++}
   (You acquired it on level 2 of the Abyss)

   It inflicts extra damage upon your enemies.
   It greatly protects you from fire.
Missiles
 e - 53 poisoned needles
 y - 3 throwing nets {=f, !d}
 K - 6 curare-tipped needles
Armour
 i - the +0 shadow dragon scales of Joy (melded) {rN+ Stlth++++}
   (You bought it in a shop on level 15 of the Dungeon)

   It protects you from negative energy.
   It makes you much more stealthy.
 D - a +1 leather armour of cold resistance
   (You took it off Duvessa on level 6 of the Dungeon)
 H - a +2 cloak of poison resistance (melded)
   (You took it off Crazy Yiuf on level 7 of the Dungeon)
 O - the +2 helmet of Lugonu's Whim (melded) {rElec}
   (You bought it in a shop on level 6 of the Dungeon)

   It insulates you from electricity.
 P - a +1 pair of gloves of strength (melded)
   (You bought it in a shop on level 6 of the Dungeon)
 R - a +0 buckler
   (You found it on level 1 of the Lair of Beasts)
 U - a +0 pair of boots (melded)
   (You found it on level 1 of the Lair of Beasts)
Jewellery
 s - a +6 ring of evasion (left branch)
   (You found it on level 15 of the Dungeon)
 I - an amulet of faith (around neck) {Faith, !P}
   (You found it on level 1 of the Snake Pit)
 L - an uncursed ring of wizardry {Wiz+, !d}
   (You found it on level 9 of the Dungeon)
 Q - a ring of protection from fire (right branch) {rF+, !d}
   (You found it on level 11 of the Dungeon)
 X - an uncursed ring of protection from cold {rC+, !d}
   (You found it on level 11 of the Dungeon)
 Z - an uncursed amulet of guardian spirit {unknown}
   (You found it on level 3 of the Abyss)
Wands
 d - a wand of disintegration (1/24)
   (You found it on level 7 of the Dungeon)
 k - a wand of confusion (10/48)
   (You found it on level 1 of the Depths)
 w - a wand of paralysis (6/24)
   (You found it on level 4 of the Dungeon)
 F - a wand of polymorph (8/24)
   (You found it on level 4 of the Lair of Beasts)
 M - a wand of lightning (13/15)
   (You found it on level 13 of the Dungeon)
 T - a wand of digging (15/24)
   (You found it on level 2 of the Abyss)
 Y - a wand of lightning (0/15)
   (You found it on level 3 of the Lair of Beasts)
Scrolls
 j - 4 scrolls of fear
 m - 2 scrolls of holy word {!r}
 n - a scroll of blinking {!r}
 o - 4 scrolls of magic mapping {!r}
 v - a scroll of silence
 B - 12 scrolls of remove curse
 N - 4 scrolls of recharging
Potions
 b - a potion of brilliance
 f - a potion of cancellation
 h - 2 potions of invisibility
 q - 3 potions of resistance
 u - a potion of mutation {!q}
 x - 14 potions of curing
 A - 2 potions of flight
 G - 4 potions of magic
 S - a potion of berserk rage {!q}
Comestibles
 c - 11 fruits
 g - 8 bread rations {@e1}
 p - 13 royal jellies
 r - 8 meat rations {@e2}


   Skills:
 - Level 11.3 Fighting
 - Level 8.9 Short Blades
 - Level 1.7 Throwing
 + Level 4.7 Armour
 - Level 5.5 Dodging
 + Level 21.8 Stealth
 - Level 7.7 Spellcasting
 - Level 6.5 Hexes
 - Level 3.6 Necromancy
 - Level 8.3 Evocations


You had 17 spell levels left.
You knew the following spells:

 Your Spells              Type           Power        Failure   Level  Hunger
a - Shroud of Golubria    Chrm/Tloc      #.........   24%         2    #......
b - Blink                 Tloc           N/A          24%         2    #......
c - Confuse               Hex            ###.....     3%          3    ###....
d - Call Imp              Summ           #.......     24%         2    #......
A - Animate Dead          Necr           N/A          36%         4    ####...


Dungeon Overview and Level Annotations

Branches:
Dungeon (15/15)            Temple (1/1) D:4            Lair (6/6) D:10
 Shoals (3/4) Lair:3        Snake (2/4) Lair:4        Slime (0/5) Lair:6
    Orc (2/2) D:12            Elf (1/3) Orc:2        Vaults (0/5) D:13
 Depths (1/5) D:15

Altars:
Ashenzari
Cheibriados
Dithmenos
Elyvilon
Fedhas
Gozag
Hepliaklqana
Kikubaaqudgha
Makhleb
Nemelex Xobeh
Okawaru
Qazlal
Ru
Sif Muna
Trog
Uskayaw
Vehumet
Wu Jian
Xom
Yredelemnul
Zin
The Shining One
Beogh
Jiyva

Shops:
D:6 ([(*   D:9 !   D:15 [*   Orc:1 ?   Orc:2 %?(:   Shoals:2 *

Portals:
Abyss: Depths:1
Pandemonium: Orc:2

Annotations:
D:2 exclusion: oklob plant
D:7 2 transporters, Menkaure
D:8 Joseph
D:9 Banto's ghost, novice DgWn
D:15 !!!!
Lair:3 1 exclusion
Lair:5 exclusion: 3 oklob plants
Lair:6 exclusions: fire dragon and 1 more exclusion
Shoals:2 exclusion: downstairs
Shoals:3 exclusion: merfolk siren, Aizul; Louise
Snake:1 exclusions: 2 downstairs and 1 more exclusion


Innate Abilities, Weirdness & Mutations

((You have razor-sharp teeth.))
You heal very quickly.
When hurt, damage is shared between your health and your magic reserves.
((Your bite disrupts and absorbs the magic of your enemies.))
Potions cannot restore your health.
You are immune to rotting.
You are agile. (Dex +2)
You expend magic power (3 MP) to strengthen your wands.


Message History

k - a wand of confusion (?/48)
The spriggan berserker prays to Trog.
The polar bear goes berserk!
You hear a bellow!
The spriggan berserker utters an invocation to Trog.
The spriggan berserker goes berserk!
The spriggan berserker rages.
The polar bear closely misses you. x2; The polar bear claws you.
You take 4 damage, and have 83/87 hp.
You now have 14/28 mp.
The spriggan berserker hits you but does no damage.
The spriggan berserker rages.
The polar bear barely misses you. The polar bear claws you.
The polar bear misses you.
The spriggan berserker hits you with a quarterstaff!!
You hear a bellow!
The spriggan berserker hits you with a quarterstaff.
There is a staircase back to the Dungeon, spattered with blood here.
You take 30 damage, and have 54/87 hp.
MASSIVE DAMAGE!!
You now have 9/28 mp.
Warning, next level annotated: !!!!
Enter next level anyway?
Okay, then.
Warning, next level annotated: !!!!
Enter next level anyway?
The polar bear bites you! The polar bear misses you.
The polar bear barely misses you.
The spriggan berserker hits you with a quarterstaff!
The polar bear misses you. The polar bear barely misses you.
The polar bear claws you but does no damage.
You climb upwards.
Welcome back to the Dungeon!
The polar bear is no longer berserk.
The polar bear disappears in a puff of smoke!
There is a staircase to the Depths here.
You take 15 damage, and have 39/87 hp.
You now have 6/28 mp.
Unknown command.
Unknown command.
Unknown command.
Unknown command.
Unknown command.
Aim: a spriggan berserker, wielding a quarterstaff and wearing an animal skin (berserk, fast, unusually strong, regenerating, resistant to hostile enchantments, umbra, chance to defeat MR: 0%)
Okay, then.
Unknown command.
Okay, then.
Unknown command.
Okay, then.
Unknown command.
Okay, then.
Unknown command.
Unknown command.
Okay, then.
Here: a spriggan berserker, wielding a quarterstaff and wearing an animal skin (berserk, fast, unusually strong, regenerating, resistant to hostile enchantments, umbra)
The floor.
Unknown command.
Really quaff
t - a potion of lignification {!q}?
You turn into a tree.
Your +2 cloak of poison resistance melds into your body.
The +2 helmet of Lugonu's Whim {rElec} melds into your body.
Your +1 pair of gloves of strength melds into your body.
Your +0 pair of boots melds into your body.
The +0 shadow dragon scales of Joy {rN+ Stlth++++} melds into your body.
You feel weaker.
Your roots penetrate the ground.
The spriggan berserker hits you but does no damage.
The spriggan berserker hits you with a quarterstaff!
You now have 52/130 hp.
Unknown command.
You hit the spriggan berserker.
Lightning courses through the spriggan berserker!
You hit the spriggan berserker.
The spriggan berserker hits you with a quarterstaff.
You take 3 damage, and have 50/130 hp.
You now have 5/28 mp.
You hit the spriggan berserker.
Lightning courses through the spriggan berserker!
The spriggan berserker hits you with a quarterstaff!
You take 9 damage, and have 41/130 hp.
You now have 4/28 mp.
You miss the spriggan berserker.
The spriggan berserker hits you with a quarterstaff.
* * * LOW HITPOINT WARNING * * *
You take 2 damage, and have 39/130 hp.
You now have 3/28 mp.
You barely miss the spriggan berserker.
The spriggan berserker hits you but does no damage.
You hit the spriggan berserker.
Lightning courses through the spriggan berserker!
The spriggan berserker hits you but does no damage.
You hit the spriggan berserker.
Lightning courses through the spriggan berserker!
The spriggan berserker hits you with a quarterstaff!
* * * LOW HITPOINT WARNING * * *
You take 13 damage, and have 28/130 hp.
You hit the spriggan berserker.
Your shadow hits the spriggan berserker but does no damage.
The spriggan berserker hits you with a quarterstaff.
* * * LOW HITPOINT WARNING * * *
You take 2 damage, and have 26/130 hp.
You hit the spriggan berserker.
Your shadow completely misses the spriggan berserker.
You hit the spriggan berserker.
The spriggan berserker hits you with a quarterstaff!!
You die...

#.# #..#§§§§§#..##..#
#.# #.#
#..#######.....##
#.## #.#
#........)..####
##.##
#.....#########)#
##.## ..J... #..#
##.## .J.... ##.##
##.# J..... ##..# ###
....J# ##..####
.J...# #..###♣###
.....# #.##...i.##
..... ####.#.......#
....# ##....##.....##
....###..######...##
....##..##..####.####
...#...##....###....#
..###..'.......###†.#
..# ##.##....#..##†##


You could see a spriggan berserker (berserk).

Vanquished Creatures
  2 tentacled starspawn (Abyss:3)
  A very ugly thing (Abyss:3)
  Nessos (D:12)
  Snorg (D:12)
  An ettin (Depths:1)
  A merfolk impaler (Shoals:1)
  Josephine (D:10)
  5 naga warriors
  5 hydras
  A vault guard (D:13)
  2 merfolk avatars
  An anaconda (Snake:1)
  3 centaur warriors
  A death yak (shapeshifter) (D:15)
  3 tengu warriors
  7 two-headed ogres
  A naga sharpshooter (Snake:1)
  6 orc high priests (Orc:2)
  Nergalle (D:11)
  A sea snake (Snake:1)
  A torturous demonspawn (Orc:2)
  A naga ritualist (Snake:1)
  2 unseen horrors
  8 harpies (Shoals:2)
  A deep elf archer (D:15)
  A gelid demonspawn (Orc:2)
  4 orc knights (Orc:2)
  3 deep elf magi
  4 ugly things
  A manticore (Shoals:2)
  A mana viper (Snake:1)
  4 elephants
  2 cyclopes
  Maurice (Orc:2)
  6 orc sorcerers
  An elephant (shapeshifter) (D:15)
  A salamander (shapeshifter) (D:15)
  A torpor snail (Lair:5)
  Psyche (D:9)
  2 gargoyles
  2 naga magi (Snake:1)
  7 black mambas
  An orange demon (Abyss:2)
  A merfolk siren (Shoals:2)
  3 centaur skeletons
  12 spiny frogs
  2 rime drakes
  3 efreet
  A freezing wraith (D:14)
  A ghost moth simulacrum (Abyss:3)
  4 komodo dragons
  An ancient zyme (Abyss:3)
  A kobold demonologist (D:15)
  A tengu conjurer (Depths:1)
  9 trolls
  2 red devils (Orc:2)
  A polar bear (Lair:4)
  9 merfolk
  A raiju (Abyss:3)
  9 slime creatures (D:14)
  Grinder (D:4)
  11 hippogriffs
  A blink frog (shapeshifter) (D:13)
  6 blink frogs
  A dream sheep (shapeshifter) (Orc:2)
  A centaur simulacrum (D:12)
  3 snapping turtles
  2 shadows (D:15)
  A ynoxinul (Abyss:3)
  6 wraiths
  4 wyverns
  9 small abominations
  Sigmund (D:2)
  30 yaks
  A hungry ghost (D:12)
  6 basilisks
  A chaos spawn (Abyss:3)
  A steam dragon (Lair:6)
  8 vampire mosquitoes (D:12)
  A warg (shapeshifter) (D:15)
  4 wargs
  11 nagas
  2 acid dragons (Lair:6)
  Duvessa (D:6)
  7 water moccasins
  6 porcupines
  34 orc warriors
  6 ice beasts
  10 large abominations
  3 swamp drakes (Lair:6)
  A sky beast (D:7)
  A necrophage (D:14)
  5 phantoms
  13 ogres
  A tengu (shapeshifter) (D:15)
  2 boggarts (D:15)
  5 centaurs
  7 wolves
  A big kobold (D:12)
  12 crocodiles
  19 bullfrogs
  A wyvern zombie (D:11)
  A water moccasin skeleton (D:4)
  3 scorpions
  Dowan (D:6)
  3 killer bees (D:8)
  4 howler monkeys
  6 wights
  6 electric eels
  4 crimson imps
  A quasit (D:11)
  4 centaur zombies
  13 hounds
  4 jellies
  Crazy Yiuf (D:7)
  2 bullfrog skeletons
  33 orc priests
  A gnoll shaman (Orc:2)
  An iron imp (Abyss:3)
  Ijyb (D:5)
  5 iguanas
  Natasha (D:2)
  15 orc wizards
  5 hell rats (Lair:5)
  8 worker ants
  2 hound zombies
  10 gnolls
  8 adders
  4 shadow imps
  2 white imps
  An ufetubus (Abyss:3)
  2 oozes
  3 worms
  An adder skeleton (D:9)
  2 dart slugs (D:1)
  4 leopard geckos
  84 orcs
  6 bats
  A giant cockroach (D:1)
  7 goblins
  8 hobgoblins
  14 jackals
  7 kobolds
  8 quokkas
  A ball python (D:5)
  3 frilled lizards
  3 leopard gecko skeletons
  3 rats
  2 starspawn tentacles (Abyss:3)
718 creatures vanquished.

Vanquished Creatures (collateral kills)
  A sun demon (Orc:2)
  A harpy (Shoals:2)
  2 wind drakes (Shoals:2)
4 creatures vanquished.

Vanquished Creatures (others)
  2 large abominations (Abyss:3)
  A boggart (D:15)
  2 fungi
  13 plants
  8 starspawn tentacles
26 creatures vanquished.

Grand Total: 748 creatures vanquished

Notes
Turn   | Place    | Note
-------+----------+-------------------------------------------
     0 | D:1      | MackTheKnife the Vine Stalker Assassin began the quest for the Orb.
     0 | D:1      | Reached XP level 1. HP: 11/11 MP: 2/2
   192 | D:1      | Reached skill level 5 in Stealth
   244 | D:1      | Reached XP level 2. HP: 15/15 MP: 3/3
   296 | D:1      | Reached skill level 6 in Stealth
   554 | D:1      | Reached XP level 3. HP: 16/18 MP: 4/4
   756 | D:2      | Found a basalt altar of Yredelemnul.
   905 | D:2      | Found a sparkling altar of Nemelex Xobeh.
  1088 | D:2      | Noticed Sigmund
  1108 | D:2      | Reached skill level 7 in Stealth
  1108 | D:2      | Gained mutation: Your natural rate of healing is unusually fast. [Vine Stalker growth]
  1108 | D:2      | Reached XP level 4. HP: 14/23 MP: 5/5
  1262 | D:2      | Found an opulent altar of Gozag.
  1270 | D:2      | Noticed Natasha
  1290 | D:2      | Killed Natasha
  1401 | D:2      | Found a blossoming altar of Fedhas.
  1418 | D:2      | Noticed an oklob plant
  1594 | D:3      | Found a shattered altar of Ashenzari.
  1896 | D:3      | Reached XP level 5. HP: 26/26 MP: 6/6
  2114 | D:3      | Noticed a phantom
  2138 | D:3      | Killed a phantom
  2138 | D:3      | Reached skill level 8 in Stealth
  2311 | D:3      | Reached skill level 9 in Stealth
  2311 | D:3      | Reached XP level 6. HP: 24/30 MP: 7/7
  2387 | D:4      | Found a deep blue altar of Sif Muna.
  2387 | D:4      | Found a glowing golden altar of the Shining One.
  2387 | D:4      | Noticed a phantom
  2428 | D:3      | Killed a phantom
  2536 | D:4      | Noticed Grinder
  2554 | D:4      | Killed Grinder
  2554 | D:4      | Reached skill level 10 in Stealth
  2554 | D:4      | Reached XP level 7. HP: 34/34 MP: 8/8
  2808 | D:4      | Reached skill level 11 in Stealth
  2992 | D:4      | Found a staircase to the Ecumenical Temple.
  2997 | Temple   | Entered the Ecumenical Temple
  3009 | Temple   | Became a worshipper of Dithmenos the Shadowed
  3441 | D:2      | Killed Sigmund
  3441 | D:2      | Reached skill level 12 in Stealth
  3441 | D:2      | Gained mutation: You have razor-sharp teeth. [Vine Stalker growth]
  3441 | D:2      | Reached XP level 8. HP: 32/38 MP: 6/9
  3511 | D:5      | Entered Level 5 of the Dungeon
  3928 | D:5      | Noticed Ijyb
  3935 | D:5      | Killed Ijyb
  4723 | D:6      | Reached skill level 13 in Stealth
  4789 | D:6      | Reached skill level 2 in Fighting
  4806 | D:6      | Reached skill level 2 in Short Blades
  4957 | D:6      | Reached skill level 3 in Fighting
  4957 | D:6      | Reached skill level 3 in Short Blades
  4987 | D:6      | Found Pulil's General Store.
  4988 | D:6      | Found Yroirr's Weapon Boutique.
  4991 | D:6      | Found Ziczukh's Weapon Boutique.
  5002 | D:6      | Found Yddua's Armour Boutique.
  5075 | D:6      | Noticed Duvessa
  5075 | D:6      | Noticed Dowan
  5172 | D:6      | Killed Dowan
  5172 | D:6      | Reached * piety under Dithmenos
  5179 | D:6      | Killed Duvessa
  5253 | D:6      | You fall through a shaft for 3 floors!
  5290 | D:9      | Found Baonerphe's Distillery.
  5321 | D:9      | Identified a scroll of acquirement
  5322 | D:9      | Got a steaming quarterstaff
  5323 | D:9      | Identified the +0 quarterstaff of the Solstice {crush, +Blink rF+ MR++ Str-3} (You acquired it on level 9 of the Dungeon)
  5341 | D:9      | Noticed a merfolk
  5356 | D:9      | Noticed a two-headed ogre
  5356 | D:9      | a merfolk changed into a two-headed ogre
  5374 | D:8      | HP: 10/41 [two-headed ogre (12)]
  5379 | D:8      | HP: 6/41 [two-headed ogre (2)]
  5614 | D:7      | Reached XP level 9. HP: 27/45 MP: 10/10
  5761 | D:7      | Noticed a seven-headed hydra
  5762 | D:7      | Killed a seven-headed hydra
  5762 | D:7      | Reached skill level 5 in Fighting
  5762 | D:7      | Reached skill level 5 in Short Blades
  5853 | D:7      | Found a runed door.
  5922 | D:7      | Got a blackened mace
  5930 | D:7      | Got an ichor-stained mace
  5935 | D:7      | Noticed Crazy Yiuf
  5939 | D:7      | Killed Crazy Yiuf
  6010 | D:7      | Got a pitted mace
  6093 | D:7      | Found a hazy altar of Hepliaklqana.
  6103 | D:7      | Found a transporter.
  6107 | D:7      | Found a radiant altar of Vehumet.
  6123 | D:7      | Found a transporter.
  6354 | D:7      | Reached skill level 14 in Stealth
  6546 | D:7      | Noticed Menkaure
  6851 | D:8      | Found a snail-covered altar of Cheibriados.
  6928 | D:8      | Found a sacrificial altar of Ru.
  7072 | D:8      | Found a burning altar of Makhleb.
  7243 | D:8      | Reached skill level 15 in Stealth
  7243 | D:8      | Reached XP level 10. HP: 41/51 MP: 11/11
  7443 | D:8      | Noticed Joseph
  8005 | D:9      | Noticed Banto's ghost (novice DgWn)
  8259 | D:9      | Killed a two-headed ogre
  8259 | D:9      | Reached skill level 16 in Stealth
  8350 | D:9      | Noticed Psyche
  8388 | D:9      | Killed Psyche
  8531 | D:9      | Found a white marble altar of Elyvilon.
  8915 | D:10     | Entered Level 10 of the Dungeon
  8930 | D:10     | Noticed a two-headed ogre
  8937 | D:10     | Killed a two-headed ogre
  8937 | D:10     | Reached skill level 17 in Stealth
  8949 | D:10     | Noticed Josephine
  9126 | D:10     | Reached ** piety under Dithmenos
  9215 | D:10     | Reached XP level 11. HP: 50/56 MP: 12/12
  9342 | D:10     | Killed Josephine
  9342 | D:10     | Reached skill level 6 in Fighting
  9342 | D:10     | Reached skill level 6 in Short Blades
  9564 | D:6      | Bought the +2 helmet of Lugonu's Whim {rElec} for 313 gold pieces
  9564 | D:6      | Bought a +0 pair of gloves of strength for 126 gold pieces
  9584 | D:6      | Learned a level 2 spell: Call Imp
  9587 | D:6      | Learned a level 2 spell: Blink
 10029 | D:10     | Found a staircase to the Lair.
 10052 | D:10     | Reached skill level 1 in Evocations
 10479 | D:11     | Reached skill level 2 in Evocations
 10703 | D:11     | Reached *** piety under Dithmenos
 10713 | D:11     | Noticed Nergalle
 10721 | D:11     | HP: 12/58 [Nergalle/bolt of negative energy (23)]
 10830 | D:11     | Noticed a white ugly thing
 10835 | D:11     | Killed a white ugly thing
 10917 | Lair:1   | Entered Level 1 of the Lair of Beasts
 11031 | Lair:1   | Reached skill level 3 in Evocations
 11268 | Lair:1   | Noticed an eight-headed hydra
 11273 | Lair:1   | Killed an eight-headed hydra
 11273 | Lair:1   | Reached skill level 18 in Stealth
 11340 | Lair:1   | Got an encrusted helmet
 11344 | Lair:1   | Identified the +1 helmet "Tiacaq" {rN+ Str+2} (You found it on level 1 of the Lair of Beasts)
 11552 | Lair:1   | Reached skill level 4 in Evocations
 12170 | Lair:2   | Got a steaming dire flail
 12180 | Lair:2   | Identified the +9 dire flail "Vine's Foe" {protect, +Inv rF- Str+4} (You found it on level 2 of the Lair of Beasts)
 12393 | Lair:2   | Reached skill level 5 in Evocations
 12935 | Lair:3   | Gained mutation: You heal very quickly. [Vine Stalker growth]
 12935 | Lair:3   | Reached XP level 12. HP: 59/62 MP: 14/16
 13051 | Lair:3   | Found a staircase to the Shoals.
 13343 | Lair:3   | Reached skill level 6 in Evocations
 13446 | Lair:3   | Reached skill level 19 in Stealth
 13747 | Lair:4   | Reached **** piety under Dithmenos
 13824 | Lair:4   | Got a distressingly furry scale mail
 13856 | Lair:3   | Reached skill level 7 in Evocations
 14048 | Lair:4   | Learned a level 4 spell: Animate Dead
 14051 | Lair:4   | Learned a level 2 spell: Shroud of Golubria
 14290 | Lair:4   | Found a staircase to the Snake Pit.
 14642 | Lair:4   | Got a slimy shortbow
 14977 | Lair:5   | Reached skill level 8 in Evocations
 15026 | Lair:6   | Entered Level 6 of the Lair of Beasts
 15052 | Lair:5   | HP: 10/62 [yak (9)]
 15056 | Lair:5   | Reached skill level 20 in Stealth
 15477 | Lair:5   | Reached XP level 13. HP: 20/66 MP: 15/20
 15705 | Lair:4   | Reached skill level 7 in Fighting
 15720 | Lair:4   | Reached skill level 7 in Short Blades
 16311 | Lair:6   | Found a staircase to the Slime Pits.
 16312 | Lair:6   | Found a viscous altar of Jiyva.
 16867 | Lair:6   | Reached skill level 8 in Fighting
 17010 | Lair:6   | Reached ***** piety under Dithmenos
 17119 | Lair:6   | Noticed a fire dragon
 17254 | Lair:6   | Reached skill level 8 in Short Blades
 17830 | D:12     | Noticed Nessos
 17892 | D:12     | Found a staircase to the Orcish Mines.
 17937 | D:12     | Found a shimmering altar of Xom.
 18260 | D:12     | Found a roughly hewn altar of Beogh.
 18268 | D:12     | Reached skill level 9 in Fighting
 18441 | D:12     | Noticed Snorg
 18525 | D:12     | Killed Nessos
 18542 | Orc:1    | Entered Level 1 of the Orcish Mines
 18624 | D:12     | Killed Snorg
 18776 | Orc:1    | Found Ganeest's Magic Scroll Shop.
 19019 | Orc:2    | Entered Level 2 of the Orcish Mines
 19069 | Orc:1    | Bought a scroll of summoning for 161 gold pieces
 19069 | Orc:1    | Bought a scroll of identify for 34 gold pieces
 19069 | Orc:1    | Bought a scroll of blinking for 127 gold pieces
 19292 | Orc:2    | Noticed Maurice
 19299 | Orc:2    | Killed Maurice
 19299 | Orc:2    | Reached XP level 14. HP: 45/76 MP: 11/21
 19334 | Orc:2    | HP: 13/76 [orc warrior/short sword (8)]
 19485 | Orc:2    | Found a staircase to the Elven Halls.
 19883 | Orc:2    | Reached skill level 10 in Fighting
 19889 | Orc:2    | Found Vinwuq's Food Shop.
 19890 | Orc:2    | Found Poshreug's Magic Scroll Boutique.
 19988 | Orc:2    | Reached skill level 1 in Dodging
 20432 | Orc:2    | Reached skill level 2 in Dodging
 20591 | Orc:2    | Reached skill level 21 in Stealth
 20970 | Orc:2    | Reached skill level 3 in Dodging
 21303 | Orc:2    | Bought a scroll of teleportation for 30 gold pieces
 21303 | Orc:2    | Bought a scroll of teleportation for 30 gold pieces
 21303 | Orc:2    | Bought a scroll of teleportation for 30 gold pieces
 21303 | Orc:2    | Bought a scroll of identify for 20 gold pieces
 21340 | Orc:2    | Reached ****** piety under Dithmenos
 21348 | Orc:2    | Reached skill level 4 in Dodging
 21362 | Orc:2    | HP: 10/77 [soul eater[an orc high priest] (12)]
 21512 | Orc:2    | Found Ituomina's Antique Weapon Shoppe.
 21512 | Orc:2    | Found a one-way gate leading to the halls of Pandemonium.
 21512 | Orc:2    | Found Exzenius's Book Emporium.
 21517 | Orc:2    | Bought a runed rapier for 217 gold pieces
 21585 | Elf:1    | Entered Level 1 of the Elven Halls
 22023 | D:13     | Reached skill level 11 in Fighting
 22215 | D:13     | Reached skill level 5 in Dodging
 22219 | D:13     | Found a gate to the Vaults.
 23039 | Orc:2    | Bought a book of Maledictions for 250 gold pieces
 23043 | Orc:2    | Learned a level 3 spell: Confuse
 23173 | D:14     | Reached skill level 1 in Spellcasting
 23184 | D:14     | Reached skill level 1 in Hexes
 23292 | D:14     | Reached skill level 2 in Spellcasting
 23343 | D:14     | Reached skill level 2 in Hexes
 23694 | D:14     | Reached skill level 3 in Spellcasting
 23774 | D:14     | Reached skill level 3 in Hexes
 23774 | D:14     | Reached XP level 15. HP: 83/83 MP: 22/22
 23909 | D:15     | Entered Level 15 of the Dungeon
 24036 | D:15     | Found Riesh's Armour Shoppe.
 24123 | D:15     | Reached skill level 4 in Spellcasting
 24389 | D:15     | Reached skill level 4 in Hexes
 24671 | D:15     | Noticed a frost giant
 24671 | D:15     | a queen ant changed into a frost giant
 24674 | D:15     | Noticed an acid blob
 24674 | D:15     | a frost giant changed into an acid blob
 24675 | D:15     | Noticed a caustic shrike
 24675 | D:15     | an acid blob changed into a caustic shrike
 24676 | D:15     | Noticed a golden dragon
 24676 | D:15     | a caustic shrike changed into a golden dragon
 24907 | D:15     | Reached skill level 5 in Spellcasting
 25093 | D:11     | Killed Nergalle
 25225 | Snake:1  | Entered Level 1 of the Snake Pit
 25228 | Snake:1  | Reached skill level 5 in Hexes
 25401 | Snake:1  | Reached skill level 6 in Spellcasting
 25436 | Snake:2  | Noticed a nagaraja
 25500 | Snake:1  | Reached skill level 6 in Hexes
 25630 | Snake:2  | Noticed a nagaraja
 25702 | Shoals:1 | Entered Level 1 of the Shoals
 26012 | Shoals:1 | Reached skill level 1 in Necromancy
 26107 | Shoals:3 | Noticed Louise
 26167 | Shoals:2 | Reached skill level 7 in Spellcasting
 26171 | Shoals:2 | beem: I am beem. For help, type: !beem
 26175 | Shoals:2 | Reached skill level 2 in Necromancy
 26406 | Shoals:2 | Reached skill level 3 in Necromancy
 26586 | Shoals:2 | Found Iuydacki's Incredible Inventory.
 26636 | Shoals:2 | Reached skill level 1 in Armour
 26774 | Shoals:3 | Noticed Aizul
 26798 | Shoals:3 | Cast into level 2 of the Abyss (Louise)
 27065 | Abyss:2  | Noticed a profane servitor
 27084 | Abyss:2  | Noticed a tentacled starspawn
 27420 | Abyss:2  | Found a radiant altar of Vehumet.
 27425 | Abyss:2  | Got a translucent quarterstaff
 27426 | Abyss:2  | Identified the +8 quarterstaff of Lukhiquu {crush, rF++} (You acquired it on level 2 of the Abyss)
 27517 | Abyss:3  | Reached skill level 2 in Armour
 27549 | Abyss:3  | Noticed a tentacled starspawn
 27714 | Abyss:3  | HP: 15/66 [sixfirhy (3)]
 27719 | Abyss:3  | HP: 16/66 [sixfirhy (1)]
 27906 | Abyss:3  | Noticed a hellephant
 27952 | Abyss:3  | Noticed a tentacled starspawn
 27960 | Abyss:3  | Found a corrupted altar of Lugonu.
 28125 | Abyss:3  | Noticed a tentacled starspawn
 28196 | Abyss:3  | Found a corrupted altar of Lugonu.
 28295 | Abyss:3  | Reached XP level 16. HP: 44/78 MP: 18/23
 28381 | Abyss:3  | Paralysed by you for 7 turns
 28386 | Abyss:3  | HP: 21/87 [small abomination (11)]
 28387 | Abyss:3  | HP: 4/87 [small abomination (11)]
 28394 | Abyss:3  | HP: 7/87 [raiju/living lightning (2)]
 28565 | Abyss:3  | Reached skill level 3 in Armour
 28589 | Abyss:3  | beem: I am beem. For help, type: !beem
 28591 | Abyss:3  | MackTheKnife: Everything is terrible.
 28602 | Abyss:3  | P0WERM0DE: !nuke MackTheKnife
 28603 | Abyss:3  | beem: MackTheKnife playlist clear requested by *.
 28675 | Abyss:3  | Noticed a tentacled starspawn
 28697 | Abyss:3  | Killed a tentacled starspawn
 28767 | Abyss:3  | Noticed a tentacled starspawn
 28772 | Abyss:3  | Killed a tentacled starspawn
 28774 | Shoals:3 | Escaped the Abyss
 28777 | Shoals:2 | MackTheKnife: MADE IT
 28777 | Shoals:2 | MackTheKnife: Fucking Louise
 28777 | Shoals:2 | P0WERM0DE: !streak macktheknife
 28777 | Shoals:2 | MackTheKnife: trying to break my winstreak
 28777 | Shoals:2 | beem: macktheknife has 4 consecutive wins (SpEn, MfGl, LOFi, TeWz) and has won their last 2 games (CeHu, GrMo).
 28777 | Shoals:2 | P0WERM0DE: nice
 28777 | Shoals:2 | MackTheKnife: whew
 28777 | Shoals:2 | MackTheKnife: sup powermode?
 28796 | Shoals:2 | P0WERM0DE: hai
 29116 | D:15     | Bought the +0 shadow dragon scales of Joy {rN+ Stlth++++} for 1368 gold pieces
 29122 | D:15     | Reached skill level 4 in Armour
 29315 | D:15     | MackTheKnife: This guy is
 29315 | D:15     | MackTheKnife: in a few words
 29315 | D:15     | MackTheKnife: not strong.
 29470 | D:15     | Found Nenwetosch's Changing Room.
 29543 | D:15     | Gained mutation: You expend magic power (3 MP) to strengthen your wands. [potion of mutation]
 29543 | D:15     | Gained mutation: You are agile. (Dex +2) [potion of mutation]
 29929 | D:15     | Found a staircase to the Depths.
 29937 | Depths:1 | Entered Level 1 of the Depths
 29958 | Depths:1 | Found a one-way gate to the infinite horrors of the Abyss.
 29988 | D:15     | HP: 28/130 [spriggan berserker/quarterstaff (13)]
 29991 | D:15     | Slain by a spriggan berserker

Vault maps used:
D:1:      enne_arrival_octagon_isle, serial_park_tiny_2
D:2:      marbit_many_paths, tgw_fedhas, yredelemnul_altar_generic,
          lemuel_round_altar, first_bread, uniq_natasha, uniq_sigmund
D:3:      lemuel_doored_altar, guppyfry_early_orc_mine
D:4:      chequers_temple_overflow_statue_of_worship, temple_doors_e,
          uniq_grinder
D:5:      kennysheep_minor_cross, uniq_ijyb
D:6:      kennysheep_cluttered_room, minmay_shop_grid_forest, uniq_duvessa
D:7:      gammafunk_temple_overflow_arena, uniq_menkaure,
          uniq_crazy_yiuf_cottage
D:8:      makhleb_heckhound_becter, nicolae_overflow_crystal_walls,
          nicolae_ru_sacrificial_ziggurat, uniq_joseph
D:9:      elyvilon_altar_3, serial_shops, shop_coins, hangedman_fish_farm,
          uniq_psyche
D:10:     erik_lair_island, uniq_josephine
D:11:     uniq_nergalle
D:12:     david_orc_2, special_room, basic_altar, uniq_snorg, uniq_nessos
D:13:     david_vaults_5
D:14:     minivault_25
D:15:     gammafunk_enter_depths_forms, nicolae_benzene_ring, serial_shops,
          nicolae_shop_trees, nicolae_transmutations_shop
Temple:   dpeg_three_leaves_temple
Lair:3:   shoals_dummy_entry, st_stairs_5, minivault_25,
          eino_small_chamber_without_monster, grunt_megastairs_1,
          serial_bayou_shore_a, serial_bayou_shore_b, infiniplex_staircase_pool
Lair:4:   minmay_snake_entry_guardpost_medium, kennysheep_basilisk_garden
Lair:5:   serial_bayou_shore_b, minmay_lair_oklob_chamber
Lair:6:   guppyfry_lair_end_dragon, slime_altar_1
Shoals:1: cheibrodos_shoals_oceanic_diplomacy
Shoals:2: nicolae_alphabet_shops
Shoals:3: serial_shops, nicolae_shop_stone, nicolae_shoals_this_corrosion,
          uniq_louise, uniq_aizul
Snake:1:  serial_bayou_ford_a, serial_bayou_shore_b, uniq_rupert
Snake:2:  st_stairs_6, spider_trap, evilmike_ambush
Orc:1:    serial_shops, shop
Orc:2:    pf_orc_diabolical, uniq_maurice
Elf:1:    minmay_elf_arrival_circle, kennysheep_underground_church,
          minmay_strange_pillars, lemuel_flamethrower_3
Depths:1: enter_ziggurat_a, serial_bayou_pond_e, hell_entry, abyss_entry,
          hangedman_abyss_or_decor_slice, minmay_misc_feat_room,
          dk_noncrumbling_2, kennysheep_cross_room, st_stairs_1, laboratory

Skill      XL: |  1  2  3  4  5  6  7  8  9 10 11 12 13 14 15 16 |
---------------+-------------------------------------------------+-----
Stealth        | 5 6 7 9 10 12 13 15 17 18 20 21 | 21.8
Fighting       | 3 5 6 9 11 | 11.3
Short Blades   | 3 5 6 8 |  8.9
Evocations     | 5 8 |  8.3
Dodging        | 5 |  5.5
Spellcasting   | 3 7 |  7.7
Hexes          | 3 6 |  6.5
Necromancy     | 3 |  3.6
Armour         | 2 4 |  4.7
Throwing       | |  1.7

Action                   |  1- 3 |  4- 6 |  7- 9 | 10-12 | 13-15 | 16-18 || total
-------------------------+-------+-------+-------+-------+-------+-------++-------
Melee: Dagger            |   104 |   123 |   321 |   469 |   361 |       ||  1378
       Bite              |    22 |    39 |   112 |   236 |   509 |    86 ||  1004
       Falchion          |       |       |     4 |    53 |    12 |       ||    69
       Dire flail        |       |       |       |   113 |   208 |       ||   321
       Short sword       |       |       |       |       |   816 |   244 ||  1060
 Fire: Blowgun           |       |       |    21 |     3 |       |       ||    24
 Cast: Shroud of Golubri |       |       |       |     1 |     1 |       ||     2
       Confuse           |       |       |       |       |    23 |     5 ||    28
       Animate Dead      |       |       |       |       |     1 |       ||     1
Invok: Shadow Step       |       |       |       |       |    14 |     2 ||    16
 Abil: Evoke Invisibilit |       |       |       |     1 |       |       ||     1
Evoke: Wand              |       |     2 |    15 |    33 |    73 |     9 ||   132
  Use: Scroll            |       |       |    21 |    10 |    39 |     2 ||    72
       Potion            |       |       |       |       |    10 |     6 ||    16
 Stab: Sleeping          |     6 |    10 |    15 |    58 |   101 |     2 ||   192
       Paralysed         |       |     1 |     3 |     3 |    15 |     3 ||    25
       Distracted        |       |       |       |     2 |    15 |     4 ||    21
       Confused          |       |       |       |    11 |    11 |       ||    22
       Invisible         |       |       |       |       |     1 |       ||     1
       Petrified         |       |       |       |       |       |     3 ||     3
  Eat: Chunk             |       |     5 |    10 |    16 |    19 |       ||    50
       Fruit             |       |       |     1 |       |       |       ||     1
       Bread ration      |       |       |     1 |     3 |     5 |     1 ||    10
       Meat ration       |       |       |       |       |     1 |       ||     1
Armor: Leather armour    |    33 |    34 |    93 |   194 |   364 |    37 ||   755
       Skin              |       |       |       |    18 |       |     3 ||    21
       Shadow dragon sca |       |       |       |       |       |    49 ||    49
Dodge: Dodged            |    62 |    47 |   161 |   353 |  1037 |   253 ||  1913
       Rpst.: Falchion   |       |       |       |    15 |     3 |       ||    18

Vault maps used:
D:1:      enne_arrival_octagon_isle, serial_park_tiny_2
D:2:      marbit_many_paths, tgw_fedhas, yredelemnul_altar_generic,
          lemuel_round_altar, first_bread, uniq_natasha, uniq_sigmund
D:3:      lemuel_doored_altar, guppyfry_early_orc_mine
D:4:      chequers_temple_overflow_statue_of_worship, temple_doors_e,
          uniq_grinder
D:5:      kennysheep_minor_cross, uniq_ijyb
D:6:      kennysheep_cluttered_room, minmay_shop_grid_forest, uniq_duvessa
D:7:      gammafunk_temple_overflow_arena, uniq_menkaure,
          uniq_crazy_yiuf_cottage
D:8:      makhleb_heckhound_becter, nicolae_overflow_crystal_walls,
          nicolae_ru_sacrificial_ziggurat, uniq_joseph
D:9:      elyvilon_altar_3, serial_shops, shop_coins, hangedman_fish_farm,
          uniq_psyche
D:10:     erik_lair_island, uniq_josephine
D:11:     uniq_nergalle
D:12:     david_orc_2, special_room, basic_altar, uniq_snorg, uniq_nessos
D:13:     david_vaults_5
D:14:     minivault_25
D:15:     gammafunk_enter_depths_forms, nicolae_benzene_ring, serial_shops,
          nicolae_shop_trees, nicolae_transmutations_shop
Temple:   dpeg_three_leaves_temple
Lair:3:   shoals_dummy_entry, st_stairs_5, minivault_25,
          eino_small_chamber_without_monster, grunt_megastairs_1,
          serial_bayou_shore_a, serial_bayou_shore_b, infiniplex_staircase_pool
Lair:4:   minmay_snake_entry_guardpost_medium, kennysheep_basilisk_garden
Lair:5:   serial_bayou_shore_b, minmay_lair_oklob_chamber
Lair:6:   guppyfry_lair_end_dragon, slime_altar_1
Shoals:1: cheibrodos_shoals_oceanic_diplomacy
Shoals:2: nicolae_alphabet_shops
Shoals:3: serial_shops, nicolae_shop_stone, nicolae_shoals_this_corrosion,
          uniq_louise, uniq_aizul
Snake:1:  serial_bayou_ford_a, serial_bayou_shore_b, uniq_rupert
Snake:2:  st_stairs_6, spider_trap, evilmike_ambush
Orc:1:    serial_shops, shop
Orc:2:    pf_orc_diabolical, uniq_maurice
Elf:1:    minmay_elf_arrival_circle, kennysheep_underground_church,
          minmay_strange_pillars, lemuel_flamethrower_3
Depths:1: enter_ziggurat_a, serial_bayou_pond_e, hell_entry, abyss_entry,
          hangedman_abyss_or_decor_slice, minmay_misc_feat_room,
          dk_noncrumbling_2, kennysheep_cross_room, st_stairs_1, laboratory

Table legend:
 A = Turns spent in this place as a percentage of turns spent in the entire game.
 B = Non-inter-level travel turns spent in this place as a percentage of non-inter-level travel turns spent in the entire game.
 C = Inter-level travel turns spent in this place as a percentage of turns spent in this place.
 D = Turns resting spent in this place as a percentage of non-inter-level travel turns spent in this place.
 E = Turns spent auto-exploring this place as a percentage of non-inter-level travel turns spent in this place.
 F = Non-inter-level travel turns spent in this place divided by the number of levels of this place that you've seen.
                   A       B       C       D       E      F
               +-------+-------+-------+-------+-------+----------------------
         Total | 100.0 | 100.0 |   0.8 |   1.4 |   5.2 | 402.0
       Dungeon |  47.1 |  47.0 |   1.0 |   1.5 |   7.1 | 415.5
        Temple |   0.1 |   0.1 |   6.2 |   0.0 |  53.3 |  15.0
          Lair |  18.2 |  18.2 |   0.9 |   1.7 |   5.8 | 402.7
        Shoals |   5.3 |   5.3 |   0.6 |   0.6 |   0.9 | 233.0
     Snake Pit |   3.0 |   3.0 |   1.0 |   0.0 |   1.5 | 196.5
  Orcish Mines |  10.9 |  10.9 |   0.8 |   2.6 |   5.5 | 724.5
   Elven Halls |   0.0 |   0.0 |   0.0 |   0.0 |   0.0 |   1.0
        Depths |   0.3 |   0.3 |   0.0 |   0.0 |   2.6 |  38.0
         Abyss |  15.1 |  15.2 |   0.0 |   0.2 |   0.0 | 1010.5
               +-------+-------+-------+-------+-------+----------------------

Table legend:
 A = Kills in this place as a percentage of kills in entire the game.
 B = Kills by you in this place as a percentage of kills by you in the entire game.
 C = Kills by friends in this place as a percentage of kills by friends in the entire game.
 D = Other kills in this place as a percentage of other kills in the entire game.
 E = Experience gained in this place as a percentage of experience gained in the entire game.
 F = Experience gained in this place divided by the number of levels of this place that you have seen.
                   A       B       C       D       E      F
               +-------+-------+-------+-------+-------+----------------------
         Total | 100.0 | 100.0 | 100.0 | 100.0 | 100.0 | 4407.0
       Dungeon |  52.9 |  53.1 |   0.0 | 100.0 |  37.7 | 3654.5
          Lair |  18.3 |  18.5 |   0.0 |   0.0 |  19.8 | 4792.0
        Shoals |   4.0 |   3.6 |  75.0 |   0.0 |   8.7 | 4238.7
     Snake Pit |   3.2 |   3.2 |   0.0 |   0.0 |   8.6 | 6276.5
  Orcish Mines |  16.2 |  16.2 |  25.0 |   0.0 |  14.2 | 10339.0
        Depths |   0.4 |   0.4 |   0.0 |   0.0 |   1.6 | 2307.0
         Abyss |   4.9 |   4.9 |   0.0 |   0.0 |   9.4 | 6804.5
               +-------+-------+-------+-------+-------+----------------------
